 Seeded DCSS version 0.29-a0-322-g68df515428 (webtiles) character file.

Game seed: 20220406 (custom seed)

212 ImHallYall the Skirmisher (level 5, 0/43 (45) HPs)
             Began as a Demigod Fighter on Apr 6, 2022.
             Frozen to death by an endoplasm (2 damage)
             ... on level 4 of the Dungeon.
             The game lasted 00:14:41 (3760 turns).

ImHallYall the Skirmisher (Demigod Fighter)         Turns: 3760, Time: 00:14:42

HP:   0/43 (45)     AC:  8    Str: 17    XL:     5   Next: 31%
MP:   7/7           EV:  9    Int: 14    God:
Gold: 158           SH:  4    Dex: 13    Spells: 2/4 levels left

rFire   . . .      SeeInvis .   a - +0 long sword
rCold   . . .      Faith    .   c - +0 buckler
rNeg    . . .      Spirit   .   b - +0 scale mail
rPois   .          Reflect  .   (no helmet)
rElec   .          Harm     .   (no cloak)
rCorr   .          Rampage  .   (no gloves)
Will    .....                   g - +0 pair of boots
Stlth   ..........              (no amulet)
HPRegen 0.14/turn               (no ring)
MPRegen 0.10/turn               (no ring)

@: mighty, lightly drained
A: high MP 1, forlorn, divine attributes
a: no special abilities


You were on level 4 of the Dungeon.
You visited 1 branch of the dungeon, and saw 4 of its levels.

You collected 158 gold pieces.

Inventory:

Hand Weapons
 a - a +0 long sword (weapon)
 m - a +0 long sword
 n - a +0 flail
Armour
 b - a +0 scale mail (worn)
 c - a +0 buckler (worn)
 g - a +0 pair of boots (worn)
Wands
 l - a wand of polymorph (6)
Scrolls
 e - a scroll of vulnerability {unknown}
 h - a scroll of enchant weapon
 i - a scroll of enchant armour
 o - a scroll of holy word
Potions
 k - a potion of haste


   Skills:
 + Level 3.4 Fighting
 + Level 3.4 Long Blades
 + Level 3.4 Armour
 + Level 1.2 Dodging
 + Level 0.8 Stealth
 + Level 3.1 Shields
 + Level 0.2 Spellcasting
 + Level 0.1 Poison Magic


You had 2 spell levels left.
You knew the following spells:

 Your Spells              Type           Power      Damage    Failure   Level
a - Sting                 Tmut/Pois      0%         1d3       75%         1
b - Shock                 Conj/Air       0%         1d3       77%         1

Your spell library contained the following spells:

 Spells                   Type           Power      Damage    Failure   Level
 Poisonous Vapours        Pois/Air       0%         N/A       88%         2
 Conjure Flame            Conj/Fire      0%         6-21      98%         3
 Ignite Poison            Fire/Tmut/Pois 0%         N/A       98%         3
 Stone Arrow              Conj/Erth      0%         3d7       98%         3
 Swiftness                Air            0%         N/A       98%         3
 Airstrike                Air            0%         N/A       100%        4
 Animate Armour           Summ/Erth      0%         N/A       100%        4
 Olgreb's Toxic Radiance  Pois           0%         N/A       100%        4
 Sticky Flame             Conj/Fire      0%         2d3       100%        4
 Lehudib's Crystal Spear  Conj/Erth      0%         10d2      100%        8


Dungeon Overview and Level Annotations

Branches:
Dungeon (4/15)
 Temple: D:4-7


Innate Abilities, Weirdness & Mutations

You have an increased reservoir of magic. (+10% MP)
You shall have no god before yourself.
Your divine heritage dramatically boosts your attributes as you level up.


Message History

You slash the giant cockroach!
You kill the giant cockroach!
The adder bites you but does no damage.
The ball python bites you but does no damage.
The ball python completely misses you. The adder bites you.
* * * LOW HITPOINT WARNING * * *
The endoplasm misses you.
The orc shoots a sling bullet.
The sling bullet hits you but does no damage.
The endoplasm barely misses you.
The orc shoots a sling bullet.
The sling bullet closely misses you. You block the endoplasm's attack.
The endoplasm hits you but does no damage.
The adder attacks as you move away! The adder misses you.
The endoplasm attacks as you move away! The endoplasm closely misses you.
The adder attacks as you move away! The adder bites you but does no damage.
You block the ball python's attack. The ball python grabs you.
The ball python constricts you. The adder bites you but does no damage.
The endoplasm hits you but does no damage.
The orc shoots a sling bullet.
The sling bullet hits you but does no damage.
The ball python barely misses you. The ball python constricts you.
You barely miss the ball python. The adder bites you but does no damage.
The ball python bites you.
* * * LOW HITPOINT WARNING * * *
The ball python constricts you. The endoplasm barely misses you.
The endoplasm freezes you.
You are frozen.
* * * LOW HITPOINT WARNING * * *
The adder bites you but does no damage.
You closely miss the ball python. The ball python closely misses you.
The ball python constricts you. You block the endoplasm's attack.
The endoplasm hits you but does no damage.
The adder bites you but does no damage. The ball python barely misses you.
The ball python constricts you.
You slash the ball python!
You kill the ball python!
You block the adder's attack.
The endoplasm hits you but does no damage.
The endoplasm freezes you.
You are frozen.
You die...

### #..##
#...### #..S.# #
######@#.###..
##....J†J.....#
##..............
#..........o....
#..<.†.†........
#...............
#.....#.........
#...##.##.......
##..#.!.#......#


You could see an adder, an orc and 2 endoplasms.

Vanquished Creatures
  A necrophage (D:3)
  A howler monkey (D:3)
  Robin (D:3)
  A gnoll (D:2)
  2 adders
  A worm (D:3)
  4 dart slugs
  2 orcs
  6 bats
  3 endoplasms
  A giant cockroach (D:4)
  8 goblins
  11 hobgoblins
  3 jackals (D:2)
  3 kobolds
  A quokka (D:1)
  8 ball pythons
  4 frilled lizards
  A rat (D:1)
62 creatures vanquished.

Notes
Turn   | Place    | Note
-------+----------+-------------------------------------------
     0 | D:1      | ImHallYall the Demigod Fighter began the quest for the Orb.
     0 | D:1      | Reached XP level 1. HP: 18/18 MP: 3/3
   361 | D:1      | Reached XP level 2. HP: 20/26 MP: 4/4
   998 | D:2      | Learned a level 1 spell: Sting
  1043 | D:2      | Reached XP level 3. HP: 30/31 MP: 3/5
  1073 | D:2      | Learned a level 1 spell: Shock
  1589 | D:3      | Reached skill level 1 in Dodging
  1589 | D:3      | Reached XP level 4. HP: 34/38 MP: 6/6
  1877 | D:3      | Noticed Robin
  1892 | D:3      | Killed Robin
  2612 | D:3      | Noticed a necrophage
  2632 | D:3      | Killed a necrophage
  2633 | D:3      | Reached XP level 5. HP: 20/43 MP: 7/7
  3758 | D:4      | HP: 1/43 [frozen (2)]
  3760 | D:4      | Frozen to death by an endoplasm

Illustrated notes

Levels and vault maps discovered:
D:1:      ncdulo_watergridlock, layout_rooms, basic_ecumenical_altar,
          kennysheep_nondescript, st_stairs_6, moated_statue
D:2:      layout_basic
D:3:      layout_loops_corners, grunt_qazlal_sundering,
          cheibrodos_sewer_entry_drain, chequers_arboretum, uniq_robin
D:4:      layout_rooms, mainiacjoe_overflow_surrounded_room, minmay_distorted,
          uniq_pikel

Skill      XL: |  1  2  3 |
---------------+----------+-----
Fighting       | 3 |  3.4
Long Blades    | 2 3 |  3.4
Armour         | 3 |  3.4
Dodging        | 1 |  1.2
Shields        | 3 |  3.1
Stealth        | |  0.8
Spellcasting   | |  0.2
Poison Magic   | |  0.1

Action                   |  1- 3 |  4- 6 || total
-------------------------+-------+-------++-------
Melee: Long sword        |   120 |   111 ||   231
 Cast: Sting             |     1 |     2 ||     3
  Use: Potion            |       |     7 ||     7
       Scroll            |       |     4 ||     4
Armor: Scale mail        |    89 |    97 ||   186
Dodge: Dodged            |    76 |    89 ||   165
Block: Buckler           |    35 |    43 ||    78

Table legend: (Time is in decaauts)
 A = Elapsed time spent in this place.
 B = Non-inter-level travel time spent in this place.
 C = Inter-level travel time spent in this place.
 D = Time resting spent in this place.
 E = Time spent auto-exploring this place.
 F = Levels seen in this place.
 G = Mean time per level.
                   A        B        C        D        E       F      G
               +--------+--------+--------+--------+--------+-----+--------+
         Total |   3830 |   3830 |      0 |   1522 |   1042 |   4 |  957.5 |
       Dungeon |   3830 |   3830 |      0 |   1522 |   1042 |   4 |  957.5 |
               +--------+--------+--------+--------+--------+-----+--------+

Top non-repeatable levels by time:
     D:3: 2606 daAuts
     D:1: 824 daAuts
     D:2: 367 daAuts
     D:4: 32 daAuts
